[Event "Titled Tuesday Blitz December 20 Late 2022"]
[White "Ter-Sahakyan, Samvel"]
[Black "Iliaguev, Nisim"]
[WhiteFideId "13302531"]
[BlackFideId "2817276"]
[WhiteElo "2585"]
[BlackElo "2241"]
[Result "0-1"]
[Round "04"]
[TimeControl "180+1"]
[Date "2022.12.20"]
[WhiteClock "0:00:16"]
[BlackClock "0:00:55"]

1. d4 Nf6 2. c4 e6 3. Nf3 Bb4+ 4. Bd2 Qe7 5. g3 O-O 6. Bg2 a5 7. O-O Bxd2 8. Qxd2 Nc6 9. d5 exd5 10. cxd5 Ne5 11. Nxe5 Qxe5 12. d6 c6 13. Nc3 b5 14. Rfd1 b4 15. Na4 Ba6 16. Rac1 Qxe2 17. Nc5 Qxd2 18. Rxd2 Bb5 19. Bh3 Rad8 20. Re1 Bc4 21. b3 Be6 22. Bg2 Rfe8 23. h3 Nd5 24. Bxd5 Bxd5 25. Rxe8+ Rxe8 26. f4 g6 27. Nxd7 Rd8 28. Nf6+ Kg7 29. Nxd5 Rxd6 30. Kf2 Rxd5 31. Rxd5 cxd5 32. Ke3 Kf6 33. Kd4 Ke6 34. Kc5 g5 0-1


[Site "https://www.chess.com"]

[Event "Titled Tuesday Blitz December 20 Late 2022"]
[White "Thiel, Thomas"]
[Black "Sarkar, Justin"]
[WhiteFideId "4615964"]
[BlackFideId "2010011"]
[WhiteElo "2234"]
[BlackElo "2239"]
[Result "1-0"]
[Round "04"]
[TimeControl "180+1"]
[Date "2022.12.21"]
[WhiteClock "0:02:20"]
[BlackClock "0:00:01"]

1. e4 e5 2. Nf3 Nc6 3. d4 exd4 4. Nxd4 Qh4 5. Nc3 Bb4 6. Be2 Qxe4 7. Nb5 Bxc3+ 8. bxc3 Kd8 9. O-O Nf6 10. Bf3 Qc4 11. Bxc6 bxc6 12. Nd4 Ba6 13. Re1 Qxc3 14. Bg5 Re8 15. Bxf6+ gxf6 16. Rxe8+ Kxe8 17. Rb1 c5 18. Nf5 d6 19. Qg4 Bb7 20. Qg8+ Kd7 21. Qxf7+ Kc6 22. Ne7+ 1-0


[Site "https://www.chess.com"]

[Event "Titled Tuesday Blitz December 20 Late 2022"]
[White "Toncheva, Nadya"]
[Black "Begmuratov, Khumoyun"]
[WhiteFideId "2924056"]
[BlackFideId "14210207"]
[WhiteElo "2101"]
[BlackElo "2267"]
[Result "0-1"]
[Round "04"]
[TimeControl "180+1"]
[Date "2022.12.21"]
[WhiteClock "0:00:03"]
[BlackClock "0:00:35"]

1. d4 Nf6 2. c4 g6 3. Nc3 Bg7 4. e4 d6 5. Be2 O-O 6. Bg5 c6 7. Qd2 Qa5 8. h4 b5 9. cxb5 cxb5 10. Bd3 b4 11. Nd1 Nc6 12. Ne2 Qb6 13. Be3 Ng4 14. d5 Nxe3 15. Nxe3 Nd4 16. Nc4 Qc5 17. Nxd4 Qxd4 18. O-O Ba6 19. Rac1 Rac8 20. b3 Rc5 21. Rfd1 Rb8 22. Qe2 h5 23. Rc2 Qf6 24. Rdc1 Qxh4 25. Ne3 Bxd3 26. Qxd3 Bc3 27. Nc4 Rf8 28. Re2 a5 29. Re3 a4 30. Rh3 Qg5 31. Rc2 axb3 32. axb3 Ra8 33. Qe3 Ra1+ 34. Kh2 Qxe3 35. Nxe3 Be5+ 36. g3 Rxc2 37. Nxc2 Ra2 38. Nxb4 Rxf2+ 39. Kg1 Bd4 40. Rh2 Rb2+ 41. Kh1 Rb1+ 42. Kg2 Rxb3 43. Nc2 Rb2 44. Kf3 Be5 45. Re2 Rb3+ 46. Re3 Rxe3+ 47. Nxe3 e6 48. dxe6 fxe6 49. Nc4 Kf7 50. Ne3 Kf6 51. Ng2 d5 52. exd5 exd5 53. g4 hxg4+ 54. Kxg4 d4 55. Kf3 Kf5 56. Nh4+ Kg5 57. Ng2 Bf6 58. Ke4 Kg4 59. Nf4 g5 60. Nd5 Bg7 61. Ne7 Kh3 62. Nf5 Bf6 63. Nh6 g4 64. Kf4 g3 65. Ng4 g2 66. Nf2+ Kh4 67. Kf3 g1=Q 0-1


[Site "https://www.chess.com"]

[Event "Titled Tuesday Blitz December 20 Late 2022"]
[White "Tristan, Leonardo"]
[Black "Lacasa Diaz, Jose Antonio"]
[WhiteFideId "113816"]
[BlackFideId "2203375"]
[WhiteElo "2461"]
[BlackElo "2338"]
[Result "0-1"]
[Round "04"]
[TimeControl "180+1"]
[Date "2022.12.21"]
[WhiteClock "0:00:09"]
[BlackClock "0:00:46"]

1. d4 d5 2. Nf3 e6 3. Bf4 Bd6 4. e3 Bxf4 5. exf4 Qd6 6. Qd2 c5 7. dxc5 Qxc5 8. Bd3 Nc6 9. a3 Nf6 10. Nc3 a6 11. O-O O-O 12. Rfe1 b5 13. Ne5 Bb7 14. Re3 h6 15. Rae1 b4 16. axb4 Nxb4 17. Rg3 Nxd3 18. cxd3 d4 19. Ne4 Bxe4 20. dxe4 Rac8 21. Nd3 Qc2 22. Qa5 Rfd8 23. h3 Rb8 24. Qe5 Kh8 25. f5 Rb5 26. Qf4 exf5 27. e5 Nh5 28. Qh4 Nxg3 29. Qxd8+ Kh7 30. Qxd4 Ne2+ 31. Rxe2 Qxe2 32. b4 Qe4 33. Qc3 Rd5 34. Nc5 Qxe5 35. Qc4 Rd1+ 0-1


[Site "https://www.chess.com"]

[Event "Titled Tuesday Blitz December 20 Late 2022"]
[White "UnknownMagician"]
[Black "Figorito, Nick"]
[BlackFideId "30923689"]
[WhiteElo "2633"]
[BlackElo "2415"]
[Result "1-0"]
[Round "04"]
[TimeControl "180+1"]
[Date "2022.12.21"]
[WhiteClock "0:00:56"]
[BlackClock "0:00:03"]

1. c4 c6 2. Nf3 d5 3. e3 Nf6 4. Nc3 g6 5. b3 Bg7 6. Bb2 Ne4 7. Qc2 Nxc3 8. Bxc3 Bf5 9. Qb2 Bxc3 10. Qxc3 O-O 11. Be2 Nd7 12. O-O Nf6 13. d3 Bg4 14. Rfe1 Bxf3 15. Bxf3 e6 16. b4 a6 17. a4 Qe7 18. b5 axb5 19. axb5 Nd7 20. d4 Nb6 21. c5 Nd7 22. g3 e5 23. h4 e4 24. Bg4 h5 25. Bh3 Nf6 26. Ra5 Qc7 27. Rea1 Rxa5 28. Rxa5 Rb8 29. Ra7 Kg7 30. Qb4 Ng4 31. bxc6 Qxc6 32. Qa4 Qc7 33. Qa5 Qc6 34. Qb4 Qc7 35. Qb5 Nxe3 36. c6 Nf5 37. Rxb7 Rxb7 38. cxb7 Qb8 39. Bxf5 gxf5 40. Qxd5 Qa7 41. Kg2 Qa3 42. Qe5+ Kg6 43. b8=Q Qf3+ 44. Kg1 Qd1+ 45. Kh2 1-0


[Site "https://www.chess.com"]

[Event "Titled Tuesday Blitz December 20 Late 2022"]
[White "Urbina Perez, Juan Antonio"]
[Black "Rorrer, Grayson"]
[WhiteFideId "2217368"]
[BlackFideId "30944996"]
[WhiteElo "2197"]
[BlackElo "2200"]
[Result "1/2-1/2"]
[Round "04"]
[TimeControl "180+1"]
[Date "2022.12.21"]
[WhiteClock "0:00:20"]
[BlackClock "0:00:07"]

1. e4 c5 2. Nf3 d6 3. Bb5+ Nd7 4. d4 cxd4 5. Qxd4 a6 6. Bxd7+ Bxd7 7. Nc3 e5 8. Qd3 Rc8 9. Nd2 Nf6 10. O-O b5 11. a3 Be7 12. Rd1 O-O 13. Nf1 Bg4 14. f3 Be6 15. Ne3 Qb6 16. Kh1 Qc5 17. Bd2 Rfd8 18. Rac1 h6 19. Be1 Qc6 20. Ncd5 Bxd5 21. Nxd5 Nxd5 22. Qxd5 Qd7 23. Ba5 Re8 24. Bb4 Bg5 25. Bd2 Be7 26. Be3 Qe6 27. c3 Rc7 28. Rc2 Rec8 29. Rcd2 Rc6 30. Kg1 Kh7 31. Rd3 Qg6 32. Qb3 f5 33. exf5 Qxf5 34. Qd5 Qg6 35. Bf2 Qe8 36. Qe4+ Kh8 37. Qf5 a5 38. h3 Qf8 39. Qxf8+ Bxf8 40. Bg3 Kg8 41. Rd5 Rc5 42. f4 Rxd5 43. Rxd5 exf4 44. Bxf4 b4 45. axb4 axb4 46. cxb4 Rc4 47. Bxd6 Bxd6 48. Rxd6 Rxb4 49. Rd2 Kf7 50. Kh2 Ke6 51. Re2+ Kf5 52. Rf2+ Ke5 53. Rf7 Rxb2 54. Rxg7 Kf6 55. Rh7 Kg6 56. Rc7 Rb5 57. Rc6+ Kg7 58. Rc3 Rb4 59. Rg3+ Kh7 60. Rf3 Re4 61. Kg3 Kg6 62. h4 Rd4 63. Kh3 Rc4 64. Rg3+ Kh7 65. Rf3 Rd4 66. Re3 Kg6 67. g3 Kg7 68. Re6 Rd2 69. Re4 Rd3 70. Rg4+ Kh7 71. Rf4 Rc3 72. Kg4 Kg6 73. Re4 Rc6 74. h5+ Kh7 75. Kf5 Rc5+ 76. Re5 Rc7 77. Re6 Rc5+ 78. Re5 Rc7 79. g4 Rf7+ 80. Ke4 Kg7 81. Re6 Rf1 82. Rg6+ Kh7 83. Re6 Re1+ 84. Kf5 Rf1+ 85. Ke5 Re1+ 86. Kf6 Rf1+ 87. Ke7 Rf4 88. Rg6 Rf3 89. Ke6 Rf4 90. Ke5 Rf1 91. Ke4 Re1+ 92. Kf3 Rf1+ 93. Kg2 Rf4 94. Kg3 Rf1 95. Ra6 Kg7 96. Ra7+ Kg8 97. Kg2 Rf4 98. Kg3 Rf1 99. Ra5 Kg7 100. Rf5 Ra1 101. Re5 Ra3+ 102. Kf4 Ra1 103. Re7+ Kg8 104. Kf5 Ra5+ 105. Re5 Ra7 106. Re6 Kg7 107. Rg6+ Kh7 108. Re6 Ra5+ 109. Re5 Ra7 110. Kf6 Ra6+ 111. Re6 Ra4 112. Re7+ Kg8 113. Re8+ Kh7 114. Kf5 Ra5+ 115. Re5 Ra4 116. Re7+ Kg8 117. Kg6 Rxg4+ 118. Kxh6 Kf8 119. Ra7 Rg1 120. Ra8+ Kf7 121. Kh7 Rg2 122. h6 Rg1 123. Ra7+ Kf8 124. Kh8 Rg2 125. h7 Rg1 126. Ra8+ Kf7 127. Rg8 Ra1 128. Rb8 Rg1 129. Rb7+ Kf8 130. Rc7 Rg2 131. Rc8+ Kf7 132. Rg8 Ra2 133. Rg3 Ra8+ 134. Rg8 Ra2 135. Rc8 Rg2 136. Rb8 Rg1 137. Rb7+ Kf8 138. Rc7 Rg2 139. Rd7 Rg3 140. Rd5 Rg1 141. Rd4 Rg2 142. Rf4+ Ke7 143. Rf3 Rg1 144. Rf2 Rg3 145. Ra2 Rg1 146. Ra8 Kf7 147. Rg8 Ra1 148. Rc8 Rg1 149. Rc7+ Kf8 150. Rc8+ Kf7 151. Ra8 Rg2 152. Rg8 Ra2 1/2-1/2


[Site "https://www.chess.com"]

[Event "Titled Tuesday Blitz December 20 Late 2022"]
[White "Van Foreest, Jorden"]
[Black "Donchenko, Alexander"]
[WhiteFideId "1039784"]
[BlackFideId "24603295"]
[WhiteElo "2663"]
[BlackElo "2581"]
[Result "0-1"]
[Round "04"]
[TimeControl "180+1"]
[Date "2022.12.20"]
[WhiteClock "0:01:29"]
[BlackClock "0:02:01"]

1. e4 c6 2. Nf3 d5 3. d3 g6 4. e5 f6 5. d4 fxe5 6. Nxe5 Nd7 7. f4 Nh6 8. Nd2 Bg7 9. Ndf3 O-O 10. Bd3 Nxe5 11. Nxe5 c5 12. Be3 cxd4 13. Bxd4 Rxf4 14. c3 Qd6 15. Qe2 Nf5 16. Bxf5 Bxf5 17. Nf3 Bxd4 18. cxd4 Re4 0-1


[Site "https://www.chess.com"]

[Event "Titled Tuesday Blitz December 20 Late 2022"]
[White "Vega Gutierrez, Sabrina"]
[Black "Barria Zuniga, Daniel"]
[WhiteFideId "2219026"]
[BlackFideId "3400816"]
[WhiteElo "2261"]
[BlackElo "2414"]
[Result "1-0"]
[Round "04"]
[TimeControl "180+1"]
[Date "2022.12.21"]
[WhiteClock "0:00:57"]
[BlackClock "0:01:21"]

1. e4 e6 2. d4 d5 3. e5 c5 4. Qg4 cxd4 5. Bd3 Nc6 6. Nf3 f5 7. Qg3 Nh6 8. O-O Nf7 9. Re1 g6 10. h4 Be7 11. c3 dxc3 12. Nxc3 a6 13. Bf4 Rg8 14. Ng5 Nxg5 15. hxg5 h6 16. gxh6 g5 17. Bd2 Kf7 18. Qh3 Kg6 19. g4 Rh8 20. Qh5+ Kh7 21. Qf7+ Kxh6 22. Kg2 1-0


[Site "https://www.chess.com"]

[Event "Titled Tuesday Blitz December 20 Late 2022"]
[White "Vetoshko, Volodymyr"]
[Black "Bogaudinov, Rushan"]
[WhiteFideId "14122480"]
[BlackFideId "4129288"]
[WhiteElo "2422"]
[BlackElo "2028"]
[Result "1-0"]
[Round "04"]
[TimeControl "180+1"]
[Date "2022.12.21"]
[WhiteClock "0:00:06"]
[BlackClock "0:00:05"]

1. e4 d6 2. d4 Nf6 3. Nc3 g6 4. Bg5 Bg7 5. Qd2 a6 6. O-O-O b5 7. f3 Bb7 8. Kb1 Nbd7 9. Bh6 Bxh6 10. Qxh6 b4 11. Nce2 e5 12. Nh3 Qe7 13. Nf2 Qf8 14. Qd2 a5 15. g4 h6 16. h4 Qe7 17. Ng3 exd4 18. h5 gxh5 19. Nf5 Qf8 20. Qxd4 hxg4 21. Bb5 O-O-O 22. Qa7 Nb6 23. Ba6 Bxa6 24. Qxa6+ Kb8 25. Qxa5 gxf3 26. Nd3 Nxe4 27. Nxb4 Nc5 28. Nc6+ Kb7 29. Nxd8+ Qxd8 30. Nd4 Qd7 31. Nxf3 h5 32. Qc3 Ne4 33. Qxh8 Nf2 34. Qxh5 Nxd1 35. Rxd1 Qe6 36. Qh1 c6 37. Nd4 Qc4 38. b3 Qc5 39. Kb2 Nd5 40. c4 Nb4 41. Rd2 d5 42. cxd5 Nxd5 43. Qc1 Qb6 44. Qc4 f6 45. Nxc6 Qxc6 46. Qxd5 Qxd5 47. Rxd5 Kc6 48. Rf5 1-0


[Site "https://www.chess.com"]

[Event "Titled Tuesday Blitz December 20 Late 2022"]
[White "Vlassov, Nikolai"]
[Black "Martinez Alcantara, Jose Eduardo"]
[WhiteFideId "4103360"]
[BlackFideId "3805662"]
[WhiteElo "2324"]
[BlackElo "2707"]
[Result "0-1"]
[Round "04"]
[TimeControl "180+1"]
[Date "2022.12.20"]
[WhiteClock "0:00:01"]
[BlackClock "0:01:26"]

1. e4 e5 2. Bc4 Nf6 3. d3 d6 4. f4 Nc6 5. Nf3 g6 6. fxe5 Nxe5 7. Nxe5 dxe5 8. O-O Bg7 9. Kh1 O-O 10. Bg5 h6 11. Bh4 g5 12. Bg3 Bg4 13. Qe1 Nh5 14. Nc3 c6 15. Nd1 Nf4 16. Ne3 Bd7 17. a4 a5 18. Qc3 Qf6 19. Qb3 Rab8 20. Be1 b5 21. axb5 cxb5 22. Bd5 a4 23. Qa2 Qb6 24. Bf2 Qd6 25. g3 Nh5 26. Bg1 Nf6 27. Rf3 Nxd5 28. Qxd5 Qc7 29. Nf5 Bxf5 30. exf5 Qxc2 31. f6 Rfd8 32. Qxe5 Bf8 33. h4 Qc6 34. Qe4 Qxe4 35. dxe4 Re8 36. hxg5 hxg5 37. Rf5 Rxe4 38. Rxg5+ Kh7 39. Kg2 Bh6 40. Rd5 Re2+ 41. Kf3 Rxb2 42. Bd4 Rb3+ 43. Kg2 Rc8 44. Rh1 Rc2+ 45. Kh3 Kg6 46. Kg4 Rc4 47. Rd8 Kh7 48. Kf5 Rf3+ 49. Ke5 Rxg3 50. Rxh6+ Kxh6 51. Rh8+ Kg5 0-1


[Site "https://www.chess.com"]

[Event "Titled Tuesday Blitz December 20 Late 2022"]
[White "Yeritsyan, Hayk"]
[Black "Antonio, Jorge Carlos"]
[WhiteFideId "13307320"]
[BlackFideId "113190"]
[WhiteElo "2400"]
[BlackElo "2247"]
[Result "1-0"]
[Round "04"]
[TimeControl "180+1"]
[Date "2022.12.21"]
[WhiteClock "0:00:03"]
[BlackClock "0:00:09"]

1. d4 e5 2. c3 e4 3. c4 f5 4. Nc3 Bb4 5. Bd2 Nf6 6. e3 Be7 7. Nge2 c6 8. Nf4 Na6 9. h4 Nc7 10. Be2 d5 11. cxd5 Ncxd5 12. Ncxd5 Nxd5 13. Nxd5 cxd5 14. g3 O-O 15. Qb3 Be6 16. Rc1 Qd6 17. a3 b6 18. Bb4 Qd7 19. Bxe7 Qxe7 20. O-O h6 21. Qb4 Qxb4 22. axb4 g5 23. Rc6 Kf7 24. Rc7+ Kf6 25. hxg5+ hxg5 26. Kg2 f4 27. f3 g4 28. fxe4 f3+ 29. Bxf3 gxf3+ 30. Rxf3+ Kg5 31. Re7 Rxf3 32. Kxf3 Rf8+ 33. Ke2 Kf6 34. Rxa7 dxe4 35. Rb7 Bc4+ 36. Kd2 b5 37. b3 Bd3 38. Rb6+ Ke7 39. g4 Rg8 40. Rb7+ Kd6 41. Rb6+ Kc7 42. Rf6 Rxg4 43. d5 Rg2+ 44. Kc3 Rc2+ 45. Kd4 Rb2 46. Ke5 Rxb3 47. Rf7+ Kb6 48. d6 Bc4 49. Rc7 Rxe3 50. Rc5 Rd3 51. Kxe4 Rxd6 52. Ke5 Rd8 53. Ke4 Ra8 54. Ke5 Ra4 55. Kd6 Rxb4 56. Rh5 Ka5 57. Kc6 Ka4 58. Kc5 Kb3 59. Rh3+ Ka4 60. Rh4 Rb3 61. Rh8 Bf1 62. Ra8# 1-0


[Site "https://www.chess.com"]

[Event "Titled Tuesday Blitz December 20 Late 2022"]
[White "Young, Ryan"]
[Black "Alex_Sahakyan2006"]
[WhiteFideId "2049945"]
[WhiteElo "2432"]
[BlackElo "2627"]
[Result "1/2-1/2"]
[Round "04"]
[TimeControl "180+1"]
[Date "2022.12.21"]
[WhiteClock "0:00:12"]
[BlackClock "0:00:11"]

1. e4 d5 2. exd5 Qxd5 3. Nc3 Qd8 4. d4 Nf6 5. Nf3 Bf5 6. Bc4 e6 7. h3 c6 8. O-O Bd6 9. Qe2 Nbd7 10. Re1 O-O 11. a4 h6 12. Bb3 Re8 13. Be3 Qc7 14. Rad1 Rad8 15. Bc1 Bh7 16. Be3 Nf8 17. Nh4 Ng6 18. Nxg6 Bxg6 19. Qf3 Bh5 20. g4 Bg6 21. Bxh6 Nxg4 22. hxg4 gxh6 23. Ne4 Be7 24. Nf6+ Bxf6 25. Qxf6 Qe7 26. Qf4 Qg5 27. Qxg5 hxg5 28. c3 Kg7 29. Kg2 Rh8 30. Rh1 a5 31. f3 Kf6 32. Rxh8 Rxh8 33. Re1 b6 34. Re5 Rd8 35. Re2 c5 36. dxc5 bxc5 37. Kf2 Rb8 38. Bc4 Rh8 39. Kg2 Ke7 40. Rd2 f5 41. Re2 fxg4 42. Rxe6+ Kf7 43. Ra6+ Kg7 44. fxg4 Be4+ 45. Kg3 Rb8 46. Bb5 Rf8 47. Ra7+ Kh6 48. Be2 Rb8 49. Ra6+ Kg7 50. Rxa5 Rxb2 51. Ba6 Rg2+ 52. Kh3 Ra2 53. Rxc5 Rxa4 54. Bb5 Ra1 55. Rxg5+ Kf6 56. Rc5 Rg1 57. g5+ Kg6 58. Be8+ Kg7 59. Rc7+ Kf8 60. Bc6 Bxc6 61. Rxc6 Rxg5 62. Kh4 Rd5 63. c4 Rd4+ 64. Kg5 Ke7 65. Kf5 Rd6 66. Rc5 Kd7 67. Ke5 Rh6 68. Rb5 Kc6 69. Rb1 Rh4 70. Ra1 Rxc4 71. Ra6+ Kb5 72. Rg6 Rc1 73. Kf6 Kc6 74. Kg7+ Kd7 75. Kf6 Rf1+ 76. Kg5 Ke7 77. Ra6 Rg1+ 78. Kf4 Rf1+ 79. Ke3 Re1+ 80. Kf2 Rb1 81. Kg2 Rb2+ 82. Kg3 Rb3+ 83. Kg2 Rb4 84. Kg3 Rd4 85. Kg2 Rd6 86. Rxd6 Kxd6 1/2-1/2


[Site "https://www.chess.com"]

[Event "Titled Tuesday Blitz December 20 Late 2022"]
[White "Zeman, Matyas"]
[Black "Mesa Cruz, Juan Carlos"]
[WhiteFideId "364398"]
[BlackFideId "6423400"]
[WhiteElo "2254"]
[BlackElo "2059"]
[Result "1-0"]
[Round "04"]
[TimeControl "180+1"]
[Date "2022.12.21"]
[WhiteClock "0:00:43"]
[BlackClock "0:00:01"]

1. d4 Nf6 2. Bg5 Ne4 3. h4 c5 4. d5 Qb6 5. Nd2 Nxg5 6. hxg5 h5 7. g6 Qxg6 8. Ngf3 Qf6 9. e4 d6 10. e5 dxe5 11. Ne4 Qb6 12. Nfg5 Nd7 13. Rxh5 Rxh5 14. Qxh5 g6 15. Qh7 Nf6 16. Qxf7+ Kd7 17. Qxf8 Nxe4 18. Nxe4 Qxb2 19. Nxc5+ Kd6 20. Qd8+ Kxc5 21. Qxe7+ Kb6 22. Qd6+ Ka5 23. Qc5+ Ka4 24. Rd1 Qb4+ 25. Qxb4+ Kxb4 26. d6 Bf5 27. Bd3 Rd8 28. Bxf5 gxf5 29. Rd5 e4 30. Ke2 1-0


[Site "https://www.chess.com"]

[Event "Titled Tuesday Blitz December 20 Late 2022"]
[White "Zhigalko, Sergei"]
[Black "Jobava, Baadur"]
[WhiteFideId "13502956"]
[BlackFideId "13601520"]
[WhiteElo "2662"]
[BlackElo "2582"]
[Result "1-0"]
[Round "04"]
[TimeControl "180+1"]
[Date "2022.12.20"]
[WhiteClock "0:00:03"]
[BlackClock "0:00:05"]

1. e4 e5 2. Nf3 Nf6 3. d4 Nxe4 4. Bd3 d5 5. Nxe5 Nd7 6. Nxd7 Bxd7 7. O-O Be7 8. c4 Nf6 9. Nc3 dxc4 10. Bxc4 O-O 11. Re1 c6 12. Bf4 Bg4 13. Qd3 Qd7 14. Be5 Rad8 15. h3 Bf5 16. Qg3 Bg6 17. Rad1 b5 18. Bb3 b4 19. Na4 Rfe8 20. Nc5 Qf5 21. Bc7 Nh5 22. Qh2 Rc8 23. g4 Qg5 24. Re5 Qh6 25. Rde1 Rxc7 26. Rxh5 Bxh5 27. Qxc7 Qg5 28. Re5 Qc1+ 29. Kg2 Kf8 30. gxh5 Qf4 31. Nd7+ Kg8 32. Qxc6 Qxd4 33. Re4 Qxb2 34. Nf6+ gxf6 35. Qxe8+ 1-0


[Site "https://www.chess.com"]

[Event "Titled Tuesday Blitz December 20 Late 2022"]
[White "Zhukov, Maksim"]
[Black "Polster, Christian"]
[WhiteFideId "34181790"]
[BlackFideId "12965081"]
[WhiteElo "1929"]
[BlackElo "2195"]
[Result "1/2-1/2"]
[Round "04"]
[TimeControl "180+1"]
[Date "2022.12.21"]
[WhiteClock "0:00:11"]
[BlackClock "0:00:14"]

1. Nf3 d5 2. g3 Nf6 3. Bg2 Bf5 4. O-O e6 5. c4 c6 6. d4 Nbd7 7. Nc3 dxc4 8. Nd2 Nb6 9. e4 Bg6 10. a4 Qxd4 11. a5 Nbd7 12. a6 b5 13. e5 Nd5 14. Nf3 Qxd1 15. Rxd1 Nc5 16. Nd4 Rc8 17. Nxd5 exd5 18. Bh3 Rc7 19. e6 Bd6 20. exf7+ Kxf7 21. Be3 Re8 22. Bg2 Be5 23. Nxc6 Nd3 24. Bxd5+ Kf6 25. Nxe5 Rxe5 26. Bd4 Kf5 27. Bxe5 Kxe5 28. Bb7 Kd4 29. Rd2 b4 30. Ra5 c3 31. Rd5+ Kc4 32. bxc3 bxc3 33. Rc2 Nb4 34. Rxc3+ Kxc3 35. Re5 Rd7 36. Kg2 Kd4 37. Re1 Kc5 38. h4 Kb5 39. h5 Bxh5 40. Re5+ Kb6 41. Rxh5 Nxa6 42. Bxa6 Kxa6 43. Rxh7 Kb5 44. Rh5+ Kb4 45. Rh4+ Kb5 46. Rh5+ Kb4 47. Rh4+ Kb5 48. Rh5+ 1/2-1/2


[Site "https://www.chess.com"]

[Event "Titled Tuesday Blitz December 20 Late 2022"]
[White "reevecanada"]
[Black "Walentukiewicz, Michal"]
[BlackFideId "1126903"]
[WhiteElo "2288"]
[BlackElo "2028"]
[Result "1-0"]
[Round "04"]
[TimeControl "180+1"]
[Date "2022.12.21"]
[WhiteClock "0:02:15"]
[BlackClock "0:02:04"]

1. e4 g6 2. Nf3 Bg7 3. d4 c5 4. c3 cxd4 5. cxd4 Nf6 6. Nc3 d6 7. Bb5+ Bd7 8. Qe2 O-O 9. O-O Bxb5 10. Nxb5 Nc6 11. Rd1 a6 12. Nc3 Rc8 13. e5 Nd7 14. e6 Nf6 15. exf7+ Rxf7 16. Ng5 Rf8 17. Ne6 Qd7 18. Nxf8 Rxf8 19. Bg5 Qf5 20. Bxf6 Bxf6 21. Qe3 Bg5 22. Qe4 Qxf2+ 23. Kh1 Qxb2 24. Nd5 Bf6 25. Rab1 Qxa2 26. Rxb7 Qa4 27. Rf1 Qxd4 28. Qe6+ Kg7 29. Nxf6 Rxf6 30. Rxe7+ Kh6 31. Rxh7+ Kxh7 32. Qxf6 Qc4 33. Qf7+ Qxf7 34. Rxf7+ Kh6 35. Rf6 Ne5 36. Rxd6 Kg5 37. Rxa6 1-0


[Site "https://www.chess.com"]

[Event "Titled Tuesday Blitz December 20 Late 2022"]
[White "Aghasiyev, Kamal"]
[Black "Bryant, Todd"]
[WhiteFideId "13402854"]
[BlackFideId "2031299"]
[WhiteElo "2341"]
[BlackElo "2348"]
[Result "1-0"]
[Round "05"]
[TimeControl "180+1"]
[Date "2022.12.21"]
[WhiteClock "0:00:35"]
[BlackClock "0:00:07"]

1. d4 Nf6 2. c4 g6 3. Nc3 Bg7 4. e4 d6 5. Be2 O-O 6. Bg5 c5 7. d5 h6 8. Bf4 e6 9. Qd2 exd5 10. cxd5 Kh7 11. Nf3 Re8 12. Qc2 Na6 13. O-O Nc7 14. Nd2 a6 15. a4 Rb8 16. Nc4 Bf8 17. Rfd1 b5 18. axb5 axb5 19. Na5 Bd7 20. Nc6 Bxc6 21. dxc6 b4 22. Nd5 Nxe4 23. Ra7 Nxd5 24. Rxd5 Ra8 25. c7 Qc8 26. Rxa8 Qxa8 27. Rd1 Qc6 28. Bf3 d5 29. Bxe4 Rxe4 30. Qxe4 dxe4 31. Rd8 Qa4 32. h3 Qa1+ 33. Kh2 Qe1 34. c8=Q Qxf2 35. Bg3 Qxb2 36. Rxf8 e3 37. Rxf7+ 1-0


[Site "https://www.chess.com"]

[Event "Titled Tuesday Blitz December 20 Late 2022"]
[White "Alex_Sahakyan2006"]
[Black "reevecanada"]
[WhiteElo "2623"]
[BlackElo "2365"]
[Result "1-0"]
[Round "05"]
[TimeControl "180+1"]
[Date "2022.12.21"]
[WhiteClock "0:00:18"]
[BlackClock "0:00:23"]

1. c4 e5 2. Nc3 Nc6 3. Nf3 f5 4. d4 e4 5. d5 exf3 6. dxc6 fxg2 7. cxd7+ Qxd7 8. Qxd7+ Bxd7 9. Bxg2 O-O-O 10. Bg5 Be7 11. Bxe7 Nxe7 12. O-O-O Bc6 13. Bxc6 Nxc6 14. Rxd8+ Rxd8 15. b3 Ne5 16. h3 c6 17. Rd1 Rxd1+ 18. Nxd1 Kd7 19. Kd2 Kd6 20. Ke3 h6 21. Nc3 g5 22. f3 Ng6 23. Kf2 Ke5 24. e3 h5 25. Na4 b6 26. Nb2 c5 27. Nd3+ Ke6 28. f4 g4 29. hxg4 hxg4 30. Kg3 a6 31. Nf2 b5 32. e4 Ne7 33. e5 Nc6 34. Nd3 bxc4 35. bxc4 Nd4 36. Nxc5+ Ke7 37. Nd3 a5 38. a4 Nc6 39. Kh4 Nd4 40. c5 Ke6 41. Kg5 Nf3+ 42. Kg6 g3 43. Nc1 g2 44. Ne2 g1=Q+ 45. Nxg1 Nxg1 46. c6 Ne2 47. c7 Kd7 48. e6+ Kxc7 49. e7 Nxf4+ 50. Kf7 Nd5 51. e8=Q Kd6 52. Qd8+ Kc5 53. Qxa5+ Kd4 54. Qa7+ Ke4 55. Qb7 f4 56. a5 f3 57. a6 f2 58. Qb1+ Kf3 59. a7 Nb6 60. Qxb6 f1=Q 61. Qf6+ Ke2 62. Qxf1+ Kxf1 63. a8=Q Kg1 64. Qe4 Kh2 65. Kf6 Kg1 66. Kg5 Kh2 67. Qf3 Kg1 68. Qe2 Kh1 69. Kg4 Kg1 70. Kg3 Kh1 71. Qe1# 1-0


[Site "https://www.chess.com"]

[Event "Titled Tuesday Blitz December 20 Late 2022"]
[White "Andreassen, Lars"]
[Black "Bellissimo, Joseph F."]
[WhiteFideId "1504878"]
[BlackFideId "2609843"]
[WhiteElo "2119"]
[BlackElo "2103"]
[Result "1-0"]
[Round "05"]
[TimeControl "180+1"]
[Date "2022.12.21"]
[WhiteClock "0:00:12"]
[BlackClock "0:00:22"]

1. d4 Nf6 2. Nf3 e6 3. Bg5 d5 4. e3 Be7 5. c4 a6 6. cxd5 exd5 7. Nc3 b6 8. Bd3 Bb7 9. O-O Ne4 10. Bxe7 Qxe7 11. Rc1 O-O 12. Qc2 c5 13. dxc5 bxc5 14. Nd2 f5 15. Ndxe4 fxe4 16. Be2 Nd7 17. Rfd1 Nf6 18. h3 Rac8 19. Na4 a5 20. Bf1 Rc7 21. b3 h6 22. Qd2 Kh8 23. Qxa5 Rfc8 24. Rc2 Nd7 25. Rdc1 Qe5 26. Nb6 Nxb6 27. Qxb6 Qe7 28. a4 Rc6 29. Qa5 d4 30. exd4 cxd4 31. Rxc6 Rxc6 32. Rxc6 Bxc6 33. Qb6 Qd6 34. Be2 d3 35. Bd1 Qf6 36. Kh2 Qe5+ 37. g3 Qd5 38. Qe3 Qa5 39. Bg4 Qc3 40. Qf4 Qf6 41. Qxf6 gxf6 42. Bd1 Kg7 43. b4 f5 44. b5 Ba8 45. a5 Bd5 46. a6 Bc4 47. Ba4 d2 48. a7 Bd5 49. b6 Bb7 50. Kg2 Kf6 51. Kf1 Ke5 52. Ke2 Kd4 53. Kxd2 Kc5 54. g4 Kxb6 55. gxf5 Kxa7 56. f6 Bd5 57. Be8 Kb6 58. f7 Bxf7 59. Bxf7 Kc5 60. Ke3 Kd6 61. Bg6 Ke7 62. Bxe4 Kf6 63. f4 h5 64. h4 Kg7 65. Kd4 Kh6 66. Ke5 Kg7 67. Kf5 Kf8 68. Kg5 Kg7 69. Kxh5 Kh8 70. Kg4 Kg7 71. h5 Kf8 72. Kg5 Kg7 73. h6+ Kh8 74. f5 Kg8 75. f6 Kh8 76. Bg6 Kg8 77. f7+ Kf8 78. h7 Kg7 79. h8=Q+ Kxh8 80. f8=Q# 1-0


[Site "https://www.chess.com"]

[Event "Titled Tuesday Blitz December 20 Late 2022"]
[White "Andreikin, Dmitry"]
[Black "Holt, Conrad"]
[WhiteFideId "4158814"]
[BlackFideId "2034387"]
[WhiteElo "2735"]
[BlackElo "2592"]
[Result "1/2-1/2"]
[Round "05"]
[TimeControl "180+1"]
[Date "2022.12.20"]
[WhiteClock "0:00:08"]
[BlackClock "0:00:08"]

1. Nf3 d5 2. g3 Bg4 3. Bg2 Nd7 4. c4 e6 5. cxd5 exd5 6. Qb3 Nc5 7. Qc2 Nf6 8. O-O Bd6 9. d3 O-O 10. b4 Ne6 11. a3 Bxf3 12. exf3 Nd4 13. Qd1 a5 14. Bb2 Be5 15. Kh1 Nc6 16. d4 Bd6 17. b5 Na7 18. Nc3 Nc8 19. Na4 Qd7 20. Qb3 Qf5 21. Rae1 h5 22. Re5 Bxe5 23. dxe5 Nd7 24. Qxd5 Ncb6 25. Nxb6 Nxb6 26. Qxb7 Nc4 27. Bd4 Qd3 28. Bc5 Rfb8 29. Qxc7 Rc8 30. Qe7 Re8 31. Qh4 Nd2 32. Qd4 Qxd4 33. Bxd4 Nxf1 34. Bxf1 Rad8 35. Bb6 Rd1 36. Kg2 a4 37. Bc7 Rc1 38. b6 Rxc7 39. bxc7 Rc8 40. Bb5 Rxc7 41. Bxa4 Ra7 42. Bc6 Rxa3 43. f4 Kf8 44. h4 Ke7 45. Bf3 g6 46. Bd5 Ra5 47. Bc4 Ra4 48. Bd3 Ra3 49. Be2 Ra2 50. Bf3 Ra3 51. Be4 Ra4 52. Bf3 Ra3 1/2-1/2


[Site "https://www.chess.com"]